 Dungeon Sprint DCSS version 0.17-a0-1939-ga475588 (webtiles) character file.

9 ololoev the Firebug (level 2, 0/15 HPs)
             Began as a Deep Elf Fire Elementalist on Sept 29, 2015.
             Was an Initiate of Vehumet.
             Slain by a black bear (3 damage)
             ... in the Dungeon (Sprint II: "The Violet Keep of Menkaure").
             The game lasted 00:01:38 (166 turns).

ololoev the Firebug (Deep Elf Fire Elementalist)     Turns: 166, Time: 00:01:38

Health: 0/15       AC:  2    Str:  5    XL:     2   Next: 6%
Magic:  4/8        EV: 13    Int: 19    God:    Vehumet [......]
Gold:   243        SH:  0    Dex: 15    Spells: 1 memorised, 7 levels left

rFire  . . .     SeeInvis .     (no weapon)
rCold  . . .     Clarity  .     a - +0 robe
rNeg   . . .     SustAt   .     (no shield)
rPois  .         Gourm    .     (no helmet)
rElec  .         Spirit   .     (no cloak)
rCorr  .         Warding  .     (no gloves)
rMut   .         NoTele   +     (no boots)
MR     .....                    (no amulet)
Stlth  ++........               (no ring)
                                (no ring)

@: not resistant to hostile enchantments, unstealthy
A: no striking features
a: Renounce Religion

Inventory:

Armour
 a - a +0 robe (worn)
Scrolls
 i - a scroll of blinking
Potions
 d - a potion of curing
 e - a potion of heal wounds
 f - a potion of haste
 g - 2 potions of magic
 h - a potion of berserk rage
Books
 b - a book of Flames

   Spells                             Type                      Level
   a - Flame Tongue                   Conjuration/Fire             1
   b - Throw Flame                    Conjuration/Fire             2
   c - Conjure Flame                  Conjuration/Fire             3
   d - Inner Flame                    Hexes/Fire                   3
   e - Sticky Flame                   Conjuration/Fire             4
   f - Fireball                       Conjuration/Fire             5
Comestibles
 c - a bread ration
 j - 6 chunks of flesh


   Skills:
 - Level 2.4 Dodging
 - Level 2.4 Stealth
 + Level 3.7 Spellcasting
 * Level 2.9 Conjurations
 * Level 4.4 Fire Magic


You had 7 spell levels left. You knew the following spells: Your Spells Type Power Failure Level Hunger a - Flame Tongue Conj/Fire ###.. 3% 1 None You were in the Dungeon. You worshipped Vehumet. Vehumet was noncommittal. You were not hungry. You visited 1 branch You collected 243 gold pieces. §≈ +#+++## .. ....# .. ## ##..# #. ##. .##.#### +.### §▓?$==!)($▓▓ .B B.#....# ...# ##▓$??[%([?▓▓ .#$ ###..#####..# c#▓(?(?%(?[▓▓ #+# #.##..#.$+h.# y#▓")$(!??(▓▓ .##.####.#..# #@.# h#▓?[$)$!!?▓▓ $+.<.'.##'..####..##.#▓!%$([)%$▓▓ .##.##...#.§..###...##▓▓▓▓▓▓▓+▓▓▓ #+###.##......≈≈≈≈≈≈≈≈≈≈≈≈≈...X ###≈≈.....≈#+########+###ww #≈≈≈≈≈≈≈.§≈#.._._...#≈≈§# #≈≈≈≈≈≈≈≈.≈#._._._..#≈§§§# #≈≈≈≈≈≈≈≈§≈≈#.._._._.#≈§§≈§# ≈≈≈≈≈≈≈≈§§§≈#.⌠._._._#≈≈§≈≈§

Notes
Turn   | Place    | Note
--------------------------------------------------------------
     0 | D        | ololoev the Deep Elf Fire Elementalist began the quest for the Orb.
     0 | D        | Reached XP level 1. HP: 10/10 MP: 6/6
     1 | D        | Noticed a siren
     4 | D        | Noticed a boulder beetle
     4 | D        | Noticed a boulder beetle
    12 | D        | Reached skill level 4 in Fire Magic
   102 | D        | Reached XP level 2. HP: 15/15 MP: 1/8
   107 | D        | Noticed Menkaure
   110 | D        | Noticed an electric eel
   111 | D        | Killed Menkaure
   117 | D        | Found a snail-covered altar of Cheibriados.
   118 | D        | Found a bloodstained altar of Trog.
   118 | D        | Found a corrupted altar of Lugonu.
   118 | D        | Found an ancient bone altar of Kikubaaqudgha.
   119 | D        | Found a glowing silver altar of Zin.
   119 | D        | Found a roughly hewn altar of Beogh.
   119 | D        | Found a radiant altar of Vehumet.
   120 | D        | Found a burning altar of Makhleb.
   120 | D        | Found a blossoming altar of Fedhas.
   120 | D        | Found a white marble altar of Elyvilon.
   121 | D        | Found a viscous altar of Jiyva.
   121 | D        | Found a basalt altar of Yredelemnul.
   121 | D        | Found a shadowy altar of Dithmenos.
   122 | D        | Found a sparkling altar of Nemelex Xobeh.
   122 | D        | Found an iron altar of Okawaru.
   124 | D        | Found a sacrificial altar of Ru.
   124 | D        | Found a glowing golden altar of the Shining One.
   124 | D        | Found an opulent altar of Gozag.
   124 | D        | Found a shimmering altar of Xom.
   125 | D        | Found a deep blue altar of Sif Muna.
   125 | D        | Found a stormy altar of Qazlal.
   132 | D        | Became a worshipper of Vehumet
   133 | D        | Noticed a crocodile
   146 | D        | Noticed a crocodile
   147 | D        | Noticed a crocodile
   148 | D        | Noticed a kraken
   157 | D        | Noticed a yaktaur
   157 | D        | Noticed a wasp
   157 | D        | Noticed a polar bear
   161 | D        | Noticed a black bear
   162 | D        | Noticed a black bear
   166 | D        | Slain by a black bear

Dungeon Overview and Level Annotations

Branches:
Dungeon (1/1)

Altars:
Cheibriados
Dithmenos
Elyvilon
Fedhas
Gozag
Kikubaaqudgha
Makhleb
Nemelex Xobeh
Okawaru
Qazlal
Ru
Sif Muna
Trog
Vehumet
Xom
Yredelemnul
Zin
The Shining One
Beogh
Jiyva
Lugonu


Message History

Aim: a black bear The flame tongue hits the black bear.
The black bear is lightly wounded.
You hear an angry growl.
A black bear comes into view.
The black bear growls angrily.
Casting: Flame Tongue
Confirm with . or Enter, or press ? or * to list all spells.
Aiming: Flame Tongue
Press: ? - help, Shift-Dir - straight line, f/p - black bear
Aim: a black bear (lightly wounded)
The flame tongue hits the black bear.
The black bear is heavily wounded.
You hear an angry growl.
The black bear moves out of view.
Casting: Flame Tongue
Confirm with . or Enter, or press ? or * to list all spells.
Aiming: Flame Tongue
Press: ? - help, Shift-Dir - straight line, f/p - black bear
Aim: a black bear (heavily wounded)
Okay, then.
Unknown command.
You close the door.
The black bear bites you. The black bear barely misses you.
The black bear claws you but does no damage.
Casting: Flame Tongue
Confirm with . or Enter, or press ? or * to list all spells.
Aiming: Flame Tongue
Press: ? - help, Shift-Dir - straight line, f/p - black bear
Aim: a black bear (heavily wounded)
The flame tongue hits the black bear.
The black bear is severely wounded.
The black bear bites you. The black bear claws you. The black bear claws you.
Casting: Flame Tongue
Confirm with . or Enter, or press ? or * to list all spells.
Aiming: Flame Tongue
Press: ? - help, Shift-Dir - straight line, f/p - black bear
Aim: a black bear (severely wounded)
The flame tongue misses the black bear.
The black bear bites you. The black bear claws you.
You die...

You could see a black bear.

Vanquished Creatures
  3 worms (D)
3 creatures vanquished.

Vanquished Creatures (others)
  Menkaure (D)
  4 tentacles (D)
  47 tentacle segments (D)
52 creatures vanquished.

Grand Total: 55 creatures vanquished

Action                   || total
-------------------------++-------
 Cast: Flame Tongue      ||    18

Vault maps used:
D:        the_violet_keep_of_menkaure
